 Dungeon Crawl Stone Soup version 0.30-a0-29-g142975f185 (webtiles) character file.

Game seed: 11672168517995843354

25 Setbun the Changer (level 3, -2/26 HPs)
             Began as a Merfolk Transmuter on Aug 27, 2022.
             Slain by a ball python (3 damage)
             ... on level 2 of the Dungeon.
             The game lasted 00:02:19 (1603 turns).

Setbun the Changer (Merfolk Transmuter)             Turns: 1603, Time: 00:02:21

Health: -2/26      AC:  2    Str: 12    XL:     3   Next: 6%
Magic:  5/6        EV:  9    Int: 12    God:
Gold:   82         SH:  0    Dex: 14    Spells: 6/7 levels left

rFire   . . .      SeeInvis .      - Unarmed
rCold   . . .      Faith    .    (no shield)
rNeg    . . .      Spirit   .    a - +0 robe
rPois   .          Reflect  .    (helmet currently unavailable)
rElec   .          Harm     .    (no cloak)
rCorr   .          Rampage  .    (no gloves)
Will    .....                    (boots currently unavailable)
Stlth   +.........               (no amulet)
HPRegen 0.08/turn                (no ring)
MPRegen 0.10/turn                (no ring)

@: appendages (expiring), constricted
A: horns 2, (nimble swimmer 2), mertail
a: End Transformation


You were on level 2 of the Dungeon.
You had temporarily grown beastly horns.
You visited 1 branch of the dungeon, and saw 2 of its levels.

You collected 82 gold pieces.

Inventory:

Hand Weapons
 e - a +0 spear
Armour
 a - a +0 robe (worn)
 f - a +0 chain mail
Scrolls
 g - a scroll of poison {unknown}
 h - a scroll of identify {unknown}
Potions
 b - 2 potions of lignification
 c - a potion of resistance {unknown}
 d - a potion of degeneration {unknown}
 i - a potion of cancellation {unknown}


   Skills:
 - Level 1.1 Fighting
 + Level 0.5 Polearms
 - Level 2.6 Dodging
 - Level 3.2 Unarmed Combat
 + Level 2.5 Spellcasting
 * Level 3.8 Transmutations


You had 6 spell levels left.
You knew the following spells:

 Your Spells              Type           Power      Damage    Failure   Level
a - Beastly Appendage     Tmut           20%        N/A       5%          1

Your spell library contained the following spells:

 Spells                   Type           Power      Damage    Failure   Level
 Wereblood                Tmut           10%        N/A       9%          2
 Spider Form              Tmut/Pois      6%         N/A       34%         3
 Ice Form                 Ice/Tmut       6%         N/A       75%         4


Dungeon Overview and Level Annotations

Branches:
Dungeon (2/15)

Altars:


Innate Abilities, Weirdness & Mutations

You have temporarily grown beastly horns.
((You are very nimble when in or above water. (Stealth+, EV+, Speed+++)))
Your lower body shifts to a powerful aquatic tail in water.


Message History

You miss the kobold.
The kobold is moderately wounded.
The kobold hits you with a +0 dagger.
You closely miss the kobold. You headbutt the kobold.
The kobold is severely wounded.
The ball python misses you. x2; The kobold hits you with a +0 dagger.
You barely miss the kobold.
The kobold is severely wounded.
Your transformation is almost over.
The ball python misses you. The ball python grabs you.
The ball python constricts you. The endoplasm hits you.
The kobold hits you with a +0 dagger.
You are too injured to fight recklessly!
You are too injured to fight recklessly!
You are too injured to fight recklessly!
You are too injured to fight recklessly!
You are too injured to fight recklessly!
You are too injured to fight recklessly!
You are too injured to fight recklessly!
You are too injured to fight recklessly!
You are too injured to fight recklessly!
You are too injured to fight recklessly!
You are too injured to fight recklessly!
You are too injured to fight recklessly!
You are too injured to fight recklessly!
You are too injured to fight recklessly!
You are too injured to fight recklessly!
You are too injured to fight recklessly!
You are too injured to fight recklessly!
You are now empty-handed.
The ball python bites you.
* * * LOW HITPOINT WARNING * * *
The ball python constricts you.
* * * LOW HITPOINT WARNING * * *
You closely miss the kobold.
The kobold is severely wounded.
The endoplasm freezes you.
You are frozen.
* * * LOW HITPOINT WARNING * * *
The kobold closely misses you. The ball python bites you.
You die...

..# #####
...## #...#
...8#
#...##...##
#..........
#.......#
+...K...#
#..@S#..##
#..J.....#
#...####.#
#....
#..[.#
#....#
#....#
.....#
).=..##


You could see an endoplasm, a ball python and a kobold.

Vanquished Creatures
  A dart slug (D:2)
  3 endoplasms (D:1)
  3 goblins (D:1)
  2 hobgoblins (D:1)
  2 jackals (D:1)
  4 kobolds (D:1)
  3 bats (D:1)
  A frilled lizard (D:2)
  3 rats (D:1)
22 creatures vanquished.

Notes
Turn   | Place    | Note
-------+----------+-------------------------------------------
     0 | D:1      | Setbun the Merfolk Transmuter began the quest for the Orb.
     0 | D:1      | Reached XP level 1. HP: 15/15 MP: 3/3
   508 | D:1      | Reached XP level 2. HP: 11/21 MP: 3/5
  1596 | D:2      | Reached XP level 3. HP: 24/26 MP: 4/6
  1603 | D:2      | HP: 1/26 [frozen (5)]
  1603 | D:2      | Slain by a ball python

Illustrated notes

Levels and vault maps discovered:
D:1:      dpeg_arrival_tiny_i, layout_basic, serial_glass, glass_columns_a,
          glass_columns_b, glass_columns_a, glass_columns_b, glass_columns_a,
          glass_columns_c, glass_columns_c, glass_columns_b, glass_columns_a,
          glass_columns_a, glass_columns_a, glass_columns_a, glass_columns_a,
          glass_columns_b, minmay_misc_feat_ornament,
          hangedman_abyss_or_decor_lesser_grid, minmay_misc_feat_nine_boxes
D:2:      layout_rooms, corexii_hall_statues_x, kennysheep_path_1,
          hangedman_decor_push, dreamdust_princess_corridor,
          minmay_misc_feat_alley, minmay_fountain_box, minmay_tromino_v2

Skill      XL: |  1 |
---------------+----+-----
Transmutations | 3 |  3.8
Fighting       | |  1.1
Polearms       | |  0.5
Dodging        | |  2.6
Unarmed Combat | |  3.2
Spellcasting   | |  2.5

Action                   || total
-------------------------++-------
Melee: Unarmed           ||    14
       Spear             ||    57
       Headbutt          ||     7
       Punch             ||     2
 Cast: Beastly Appendage ||    16
 Stab: Sleeping          ||     3
Armor: Robe              ||    16
Dodge: Dodged            ||    43

Table legend: (Time is in decaauts)
 A = Elapsed time spent in this place.
 B = Non-inter-level travel time spent in this place.
 C = Inter-level travel time spent in this place.
 D = Time resting spent in this place.
 E = Time spent auto-exploring this place.
 F = Levels seen in this place.
 G = Mean time per level.
                   A        B        C        D        E       F      G
               +--------+--------+--------+--------+--------+-----+--------+
         Total |   1606 |   1590 |     16 |    433 |    979 |   2 |  803.0 |
       Dungeon |   1606 |   1590 |     16 |    433 |    979 |   2 |  803.0 |
               +--------+--------+--------+--------+--------+-----+--------+

Top non-repeatable levels by time:
     D:1: 1594 daAuts
     D:2: 11 daAuts
